 Dungeon Crawl Stone Soup version 0.31-a0-889-g1a8549509d (webtiles) character file.

Game seed: 14254038182608178090

2912 Newt the Skirmisher (level 9, -3/53 HPs)
             Began as a Gargoyle Fighter on Oct 16, 2023.
             Was a Follower of Hepliaklqana.
             Slain by a vampire mosquito (9 damage)
             ... on level 7 of the Dungeon.
             The game lasted 00:06:10 (5411 turns).

Newt the Skirmisher (Gargoyle Fighter)              Turns: 5411, Time: 00:06:10

Health: -3/53      AC: 12    Str: 22    XL:     9   Next: 78%
Magic:  9/9        EV: 11    Int:  9    God:    Hepliaklqana [*.....]
Gold:   494        SH:  0    Dex: 11    Spells: 6/8 levels left

rFire   + + .        p - +7 orcbow "Giantbane" {elec, rF+ rC+ rN+}
rCold   + . .        (shield currently unavailable)
rNeg    + + .        x - +0 steam dragon scales
rPois   ∞            (no helmet)
rElec   +            n - scarf of Monotheism {+Inv, rElec Slay+3}
rCorr   .            (no gloves)
SInv    .            (no boots)
Will    .....        (no amulet)
Stlth   +            k - ring of protection from fire
HPRegen 0.28/turn    l - ring of wizardry
MPRegen 0.11/turn

%: wizardry (x1)
@: no status effects
A: reduced essence, sickness immunity, AC +6, negative energy resistance 1,
electricity resistance, torment resistance 1, petrification resistance
a: Renounce Religion, Evoke Invisibility, Recall Ancestor, Ancestor Identity


You were on level 7 of the Dungeon.
You worshipped Hepliaklqana.
Hepliaklqana was aware of your devotion.
You visited 2 branches of the dungeon, and saw 8 of its levels.

You collected 494 gold pieces.

Inventory:

Hand Weapons
 a - a +1 flail
 p - the +7 orcbow "Giantbane" (weapon) {elec, rF+ rC+ rN+}
   (You found it on level 4 of the Dungeon)

   rF+:       It protects you from fire.
   rC+:       It protects you from cold.
   rN+:       It protects you from negative energy.
Armour
 b - a +0 scale mail
 c - a +0 buckler
 n - the scarf of Monotheism (worn) {+Inv, rElec Slay+3}
   (You found it on level 5 of the Dungeon)

   Slay+3:    It affects your accuracy & damage with ranged weapons and melee
   (+3).
   rElec:     It insulates you from electricity.
 x - +0 steam dragon scales (worn)
Jewellery
 k - a ring of protection from fire (left hand)
 l - a ring of wizardry (right hand)
 m - a +6 ring of strength
 s - a ring of flight
Wands
 j - a wand of flame (10)
 w - a wand of paralysis (7)
Scrolls
 e - a scroll of revelation
 f - 2 scrolls of enchant weapon
 q - a scroll of fear {unknown}
 r - a scroll of poison
 t - 2 scrolls of amnesia {unknown}
 u - 3 scrolls of teleportation
 v - a scroll of vulnerability {unknown}
 y - a scroll of identify
Potions
 d - 2 potions of might
 g - 2 potions of cancellation
 h - 2 potions of enlightenment
 i - 2 potions of degeneration
 o - 2 potions of attraction
 z - 2 potions of ambrosia {unknown}
 A - a potion of curing


   Skills:
 - Level 8.0 Fighting
 - Level 5.0 Maces & Flails
 - Level 8.0 Ranged Weapons
 - Level 6.0 Armour
 - Level 3.2 Shields
 + Level 4.2 Evocations


You had 6 spell levels left.
You knew the following spells:

 Your Spells              Type           Power      Damage    Failure   Level
a - Passwall              Tmut/Erth      0%         N/A       24%         2

Your spell library contained the following spells:

 Spells                   Type           Power      Damage    Failure   Level
 Sandblast                Erth           0%         2d4       16%         1
 Poisonous Vapours        Pois/Air       0%         N/A       24%         2
 Mephitic Cloud           Conj/Pois/Air  0%         N/A       43%         3
 Ozocubu's Armour         Ice            0%         N/A       43%         3
 Stone Arrow              Conj/Erth      0%         3d7       43%         3
 Animate Armour           Summ/Erth      0%         N/A       82%         4
 Brom's Barrelling Bould  Conj/Erth      0%         2d3       82%         4
 Freezing Cloud           Conj/Ice/Air   0%         6-21      98%         5
 Metabolic Englaciation   Hex/Ice        0%         N/A       98%         5
 Simulacrum               Ice/Necr       0%         N/A       100%        6
 Lehudib's Crystal Spear  Conj/Erth      0%         10d2      100%        8


Dungeon Overview and Level Annotations

Branches:
Dungeon (7/15)             Temple (1/1) D:6

Altars:
Ashenzari
Cheibriados
Dithmenos
Elyvilon
Fedhas
Gozag
Hepliaklqana
Kikubaaqudgha
Okawaru
Qazlal
Ru
Sif Muna
Trog
Uskayaw
Vehumet
Wu Jian
Xom
Yredelemnul
Zin
The Shining One

Shops:
D:2 *

Annotations:
D:3 3 runed translucent doors, deremet's ghost, amateur AtFi


Innate Abilities, Weirdness & Mutations

Your life essence is reduced to manifest your ancestor. (-10% HP)
You are immune to sickness and miasma.
Your stone body is resilient. (AC +6)
You are immune to poison.
You resist negative energy. (rN+)
You are resistant to electric shocks. (rElec)
You are resistant to unholy torment.
You are immune to petrification.


Message History

The vampire mosquito closely misses you.
The vampire mosquito bites you but does no damage.
The vampire mosquito bites you.
You shoot an arrow.
The arrow closely misses the vampire mosquito.
The vampire mosquito closely misses you.
The vampire mosquito bites you but does no damage. x3
You shoot an arrow.
The arrow closely misses the vampire mosquito.
The vampire mosquito bites you. x2; The vampire mosquito barely misses you.
The vampire mosquito bites you.
You shoot an arrow.
The arrow closely misses the vampire mosquito.
The vampire mosquito bites you but does no damage.
The vampire mosquito barely misses you. The vampire mosquito bites you.
The vampire mosquito bites you but does no damage.
You shoot an arrow. The arrow hits the vampire mosquito.
The vampire mosquito is lightly damaged.
The vampire mosquito bites you. x3
The vampire mosquito bites you but does no damage.
You shoot an arrow. The arrow hits the vampire mosquito.
Lightning courses through the vampire mosquito!
The vampire mosquito is severely damaged.
The vampire mosquito bites you but does no damage.
The vampire mosquito bites you. The vampire mosquito bites you!
The vampire mosquito completely misses you.
You are too injured to fight recklessly!
You are too injured to fight recklessly!
Unknown command.
The vampire mosquito bites Ferran.
The vampire mosquito bites you.
The vampire mosquito closely misses Ferran.
Ferran hits the vampire mosquito.
The vampire mosquito bites Ferran.
The vampire mosquito attacks as it pursues you!
The vampire mosquito bites you!
* * * LOW HITPOINT WARNING * * *
Ferran misses the vampire mosquito.
The vampire mosquito bites Ferran!
The vampire mosquito barely misses you.
The vampire mosquito bites Ferran.
The vampire mosquito bites you!
You die...

...# ##....#########.##
#... #.#### #.# .... #.#
#.# #.. #.# ##+## # #...
#.# ##...# #.#...### #.####
##..... .......†# #.##.##
##......
......#.###.#...####.......
.....).yRy@......).'.......
....###.###.#...####.......
.# #.# #.##.## ##...... ..#
#.#### ##..... ##.# #.#
##R..# ..# #.# ####'## ###
#.# #...... #># #.##.#.
#.#########......


You could see the friendly Ferran the ancestor and 2 vampire mosquitoes.

Vanquished Creatures
  Pikel (D:4)
  An ice statue (D:7)
  Maggie (D:7)
  Grinder (D:3)
  2 vampire mosquitoes (D:7)
  A steam dragon (D:6)
  4 ice beasts
  An ogre (D:5)
  A black bear (D:6)
  3 wights (D:7)
  2 scorpions (D:4)
  3 quasits (D:5)
  A hound (D:4)
  An orc priest (D:4)
  A sleepcap (D:6)
  2 iguanas (D:6)
  A hound zombie (D:3)
  7 adders
  3 gnolls (D:4)
  2 white imps
  2 ufetubi (D:7)
  An adder zombie (D:3)
  An adder skeleton (D:2)
  5 worms
  4 dart slugs
  6 orcs
  5 endoplasms
  3 giant cockroaches (D:1)
  6 goblins
  3 hobgoblins
  4 jackals (D:1)
  5 quokkas
  5 ball pythons
  4 bats
  A frilled lizard (D:1)
  3 kobolds (D:4)
  4 rats
101 creatures vanquished.

Vanquished Creatures (collateral kills)
  A wight (D:7)
1 creature vanquished.

Vanquished Creatures (others)
  A quokka (D:4)
1 creature vanquished.

Grand Total: 103 creatures vanquished

Notes
Turn   | Place    | Note
-------+----------+-------------------------------------------
     0 | D:1      | Newt the Gargoyle Fighter began the quest for the Orb.
     0 | D:1      | Reached XP level 1. HP: 14/14 MP: 1/1
   284 | D:1      | Reached XP level 2. HP: 19/20 MP: 2/2
   593 | D:1      | Reached XP level 3. HP: 24/24 MP: 3/3
  1328 | D:2      | Reached XP level 4. HP: 29/29 MP: 4/4
  1358 | D:2      | Found Fajuot's General Store.
  1567 | D:3      | Found a runed translucent gate.
  1567 | D:3      | Found a runed translucent gate.
  1567 | D:3      | Found a runed translucent gate.
  1567 | D:3      | Noticed deremet's ghost (amateur AtFi)
  1569 | D:3      | Found a basalt altar of Yredelemnul.
  1882 | D:3      | Found an ornate altar of the Wu Jian Council.
  1910 | D:3      | Reached XP level 5. HP: 33/33 MP: 5/5
  2121 | D:3      | Noticed Grinder
  2121 | D:3      | Paralysed by Grinder for 5 turns
  2138 | D:3      | Killed Grinder
  2139 | D:3      | Reached skill level 5 in Maces & Flails
  2139 | D:3      | Reached skill level 5 in Armour
  2139 | D:3      | Reached XP level 6. HP: 32/38 MP: 6/6
  2607 | D:4      | Reached XP level 7. HP: 44/44 MP: 7/7
  2763 | D:4      | Identified the +7 orcbow "Giantbane" {elec, rF+ rC+ rN+}
  2794 | D:4      | Found a blossoming altar of Fedhas.
  2883 | D:4      | Reached skill level 5 in Fighting
  3138 | D:5      | Entered Level 5 of the Dungeon
  3144 | D:5      | Found an ancient bone altar of Kikubaaqudgha.
  3237 | D:5      | Identified the scarf of Monotheism {+Inv, rElec Slay+3}
  3243 | D:5      | Noticed Pikel
  3271 | D:4      | Killed Pikel
  3272 | D:4      | Reached skill level 5 in Ranged Weapons
  3272 | D:4      | Reached XP level 8. HP: 20/49 MP: 8/8
  3796 | D:5      | Learned a level 2 spell: Passwall
  4111 | D:6      | Found a staircase to the Ecumenical Temple.
  4127 | Temple   | Entered the Ecumenical Temple
  4146 | Temple   | Became a worshipper of Hepliaklqana the Forgotten
  4722 | D:6      | Reached XP level 9. HP: 47/55 MP: 9/9
  4985 | D:6      | Reached * piety under Hepliaklqana
  5048 | D:7      | Identified the "Lettoa Zosu"
  5142 | D:7      | Noticed an ice statue
  5158 | D:7      | Killed an ice statue
  5257 | D:7      | Reached skill level 1 in Evocations
  5384 | D:7      | Noticed Maggie
  5392 | D:7      | Killed Maggie
  5411 | D:7      | Slain by a vampire mosquito

Illustrated notes

Levels and vault maps discovered:
D:1:      dpeg_arrival_concentric_ovals, layout_loops_ring
D:2:      layout_loops_ring, serial_shops, shop, serial_undead, serial_undead_b,
          serial_undead_b, serial_undead_a, serial_undead_d
D:3:      layout_loops_cross, nicolae_yredelemnul_ghost_church,
          mainiacjoe_overflow_boulevard, uniq_grinder
D:4:      layout_loops_ring, kennysheep_little_box, solitary_fountain,
          nicolae_figureground_sparkle
D:5:      cheibrodos_quashed, layout_gridville, overflow_temple_1_default,
          hex_medium, uniq_pikel
D:6:      layout_loops_corners, minmay_temple_entry_tees
D:7:      lemuel_ice_statue, layout_loops_corners, makhleb_grotto_becter,
          nicolae_grassy_gnolls, uniq_maggie
Temple:   nicolae_temple_slightly_damp_pantheon

Skill      XL: |  1  2  3  4  5  6  7  8  9 |
---------------+----------------------------+-----
Fighting       | 4 5 6 8 |  8.0
Maces & Flails | 3 4 5 |  5.0
Armour         | 5 6 |  6.0
Ranged Weapons | 5 8 |  8.0
Evocations     | 4 |  4.2
Shields        | |  3.2

Action                     |  1- 3 |  4- 6 |  7- 9 || total
---------------------------+-------+-------+-------++-------
  Melee: Flail             |   113 |    94 |    13 ||   220
   Fire: Orcbow            |       |       |   146 ||   146
   Cast: Passwall          |       |       |     2 ||     2
    Use: Scroll            |     4 |     4 |     1 ||     9
         Potion            |       |     1 |     3 ||     4
 Armour: Scale mail        |    60 |    59 |    92 ||   211
         Steam dragon scal |       |       |    36 ||    36
  Dodge: Dodged            |    48 |    30 |    75 ||   153
  Block: Buckler           |    18 |    10 |     3 ||    31

Table legend: (Time is in decaauts)
 A = Elapsed time spent in this place.
 B = Non-inter-level travel time spent in this place.
 C = Inter-level travel time spent in this place.
 D = Time resting spent in this place.
 E = Time spent auto-exploring this place.
 F = Levels seen in this place.
 G = Mean time per level.
                   A        B        C        D        E       F      G
               +--------+--------+--------+--------+--------+-----+--------+
         Total |   5506 |   5273 |    233 |    486 |   3925 |   8 |  688.2 |
       Dungeon |   5467 |   5271 |    196 |    486 |   3925 |   7 |  781.0 |
        Temple |     38 |      1 |     37 |      0 |      0 |   1 |   38.0 |
               +--------+--------+--------+--------+--------+-----+--------+

Top non-repeatable levels by time:
     D:4: 1075 daAuts
     D:6: 957 daAuts
     D:1: 839 daAuts
     D:3: 790 daAuts
     D:5: 733 daAuts
     D:2: 702 daAuts
     D:7: 368 daAuts
  Temple: 38 daAuts
